 Dungeon Crawl Stone Soup version 0.29-a0-341-g24ffce5b50 (webtiles) character file.

Game seed: 780073257918048397

114 Kuwacapybara the Ruffian (level 4, -4/45 HPs)
             Began as a Troll Monk on Apr 20, 2022.
             Killed by divine providence
             ... invoked by an orc priest
              (14 damage)
             ... on level 3 of the Dungeon.
             The game lasted 00:17:15 (957 turns).

Kuwacapybara the Ruffian (Troll Monk)                Turns: 957, Time: 00:17:15

Health: -4/45      AC:  4    Str: 21    XL:     4   Next: 66%
Magic:  11/11      EV: 10    Int:  8    God:
Gold:   29         SH:  0    Dex: 12    Spells: 3/3 levels left

rFire   + . .      SeeInvis .     - Unarmed
rCold   . . .      Faith    .   (no shield)
rNeg    . . .      Spirit   .   a - +0 robe
rPois   .          Reflect  .   (helmet restricted)
rElec   .          Harm     .   (no cloak)
rCorr   +          Rampage  .   (gloves unavailable)
Will    .....                   (boots unavailable)
Stlth   +.........              (no amulet)
HPRegen 0.95/turn               m - ring of magical power
MPRegen 0.12/turn               f - ring of resist corrosion

@: confused, ambrosia-drunk
A: large, unfitting armour, claws 3, regeneration 1, shaggy fur 1, tough skin 1,
clever 1, fire resistance 1, low MP 1
a: no special abilities


You were on level 3 of the Dungeon.
You visited 1 branch of the dungeon, and saw 3 of its levels.

You collected 85 gold pieces.
You spent 56 gold pieces at shops.

Inventory:

Hand Weapons
 c - a +0 whip of protection
Armour
 a - a +0 robe (worn)
 e - a +0 ring mail
Jewellery
 f - a ring of resist corrosion (right claw)
 m - a ring of magical power (left claw)
Wands
 n - a wand of acid (10)
Scrolls
 g - a scroll of blinking {unknown}
 j - 2 scrolls of fear
 k - a scroll of teleportation {unknown}
 l - 2 scrolls of enchant weapon {unknown}
Potions
 b - a potion of ambrosia
 d - 4 potions of curing {unknown}
 h - a potion of cancellation {unknown}
 i - a potion of degeneration {unknown}
 o - a potion of magic {unknown}


   Skills:
 + Level 3.0 Fighting
 + Level 3.1 Dodging
 + Level 1.6 Stealth
 + Level 3.7 Unarmed Combat


You had 3 spell levels left.
You didn't know any spells.
Your spell library contained the following spells:

 Spells                   Type           Power      Damage    Failure   Level
 Sublimation of Blood     Necr           0%         N/A       54%         2
 Wereblood                Tmut           0%         N/A       54%         2
 Ozocubu's Armour         Ice            0%         N/A       78%         3
 Ozocubu's Refrigeration  Ice            0%         4d5       100%        7
 Summon Hydra             Summ           0%         N/A       100%        7


Dungeon Overview and Level Annotations

Branches:
Dungeon (3/15)

Altars:

Shops:
D:2 ?


Innate Abilities, Weirdness & Mutations

You are too large for most types of armour.
You have claws for hands.
Your natural rate of healing is unusually fast.
You are covered in fur. (AC +1)
You have tough skin. (AC +1)
Your mind is acute. (Int +2)
Your flesh is heat resistant. (rF+)
Your magical capacity is low. (-10% MP)


Message History

You claw the endoplasm!
You kill the endoplasm!
You hear an angry hiss.
A hobgoblin comes into view.
An orc wizard comes into view. It is wielding a +0 dagger.
The orc wizard moves out of view.
A frilled lizard comes into view.
You see here 17 gold pieces.
You claw the orc!
You kill the orc!
A giant cockroach comes into view.
The orc barely misses you.
The giant cockroach moves out of view.
You see here a +0 club.
You scratch the orc priest but do no damage.
The orc priest calls down the wrath of Beogh upon you.
Beogh smites you! The orc hits you with a +0 mace.
You scratch the orc priest but do no damage.
The orc priest barely misses you. The orc hits you with a +0 mace.
You claw the orc priest!
You claw the orc priest, but do no damage.
The orc priest is severely wounded.
The hobgoblin hits you but does no damage.
The orc priest hits you with a +0 whip.
The orc wizard hits you with a +0 dagger.
The orc hits you with a +0 mace.
You closely miss the orc priest.
The orc priest is severely wounded.
The hobgoblin barely misses you. The orc priest hits you with a +0 whip.
* * * LOW HITPOINT WARNING * * *
The orc wizard hits you with a +0 dagger.
* * * LOW HITPOINT WARNING * * *
The orc hits you with a +0 mace.
* * * LOW HITPOINT WARNING * * *
The necrophage barely misses you.
You are confused.
You feel invigorated. The necrophage misses you.
The hobgoblin hits you but does no damage.
The orc priest calls down the wrath of Beogh upon you.
Beogh smites you!
You die...

# # ............... #
............... #####
..[............ .....
...?...$..>).# #####
.............# .#
.....o.....#
.#############.ogo....#.#
..............lo@##.....#
...............n.$...#
################..........
#####..##.. ..?.. .##.# ..
. .# ..


You could see a necrophage, an orc priest, an orc wizard, 2 orcs, a hobgoblin
and a frilled lizard.

Vanquished Creatures
  An orc priest (D:2)
  3 adders
  A worm (D:2)
  A dart slug (D:2)
  9 orcs
  8 endoplasms
  A giant cockroach (D:3)
  2 goblins
  3 hobgoblins
  A ball python (D:2)
  3 bats
  A frilled lizard (D:1)
  6 kobolds
  4 rats
44 creatures vanquished.

Notes
Turn   | Place    | Note
-------+----------+-------------------------------------------
     0 | D:1      | Kuwacapybara the Troll Monk began the quest for the Orb.
     0 | D:1      | Reached XP level 1. HP: 22/22 MP: 0/0
    57 | D:1      | Reached XP level 2. HP: 23/29 MP: 1/1
   386 | D:2      | Reached XP level 3. HP: 26/36 MP: 2/2
   549 | D:2      | Reached XP level 4. HP: 44/44 MP: 3/3
   698 | D:2      | Found Keckaff's Magic Scroll Shoppe.
   745 | D:2      | Bought a scroll of identify for 28 gold pieces
   745 | D:2      | Bought a scroll of identify for 28 gold pieces
   748 | D:2      | Gained mutation: You are frail. (-10% HP) [potion of
                  | mutation]
   748 | D:2      | Gained mutation: You are very frail. (-20% HP) [potion of
                  | mutation]
   748 | D:2      | Gained mutation: You have hidden genetic defects. [potion
                  | of mutation]
   749 | D:2      | Lost mutation: You are very frail. (-20% HP) [potion of
                  | mutation]
   749 | D:2      | Lost mutation: You are frail. (-10% HP) [potion of
                  | mutation]
   749 | D:2      | Gained mutation: Your magical capacity is low. (-10% MP)
                  | [potion of mutation]
   749 | D:2      | Lost mutation: You have hidden genetic defects. [potion of
                  | mutation]
   749 | D:2      | Gained mutation: Your mind is acute. (Int +2) [potion of
                  | mutation]
   749 | D:2      | Gained mutation: Your flesh is heat resistant. (rF+)
                  | [potion of mutation]
   947 | D:3      | Noticed a necrophage
   957 | D:3      | Killed from afar by an orc priest

Illustrated notes

Levels and vault maps discovered:
D:1:      roderic_crossed_star, layout_rooms, chequers_ecumenical_altar_simple
D:2:      layout_basic, serial_shops, shop, serial_rivers,
          chequers_serial_rivers_marsh, chequers_serial_rivers_room_b,
          chequers_serial_rivers_room_a, chequers_serial_rivers_micro_b,
          chequers_serial_rivers_room_b, chequers_serial_rivers_micro_a
D:3:      layout_basic

Skill      XL: |  1  2  3  4 |
---------------+-------------+-----
Dodging        | 3 |  3.1
Fighting       | 3 |  3.0
Stealth        | |  1.6
Unarmed Combat | |  3.7

Action                   |  1- 3 |  4- 6 || total
-------------------------+-------+-------++-------
Melee: Unarmed           |    67 |    54 ||   121
       Punch             |     1 |     1 ||     2
  Use: Scroll            |     1 |     2 ||     3
       Potion            |       |     3 ||     3
 Stab: Sleeping          |     2 |     1 ||     3
Armor: Robe              |    27 |    20 ||    47
Dodge: Dodged            |    36 |    29 ||    65

Table legend: (Time is in decaauts)
 A = Elapsed time spent in this place.
 B = Non-inter-level travel time spent in this place.
 C = Inter-level travel time spent in this place.
 D = Time resting spent in this place.
 E = Time spent auto-exploring this place.
 F = Levels seen in this place.
 G = Mean time per level.
                   A        B        C        D        E       F      G
               +--------+--------+--------+--------+--------+-----+--------+
         Total |    952 |    353 |    599 |      0 |      0 |   3 |  317.3 |
       Dungeon |    952 |    353 |    599 |      0 |      0 |   3 |  317.3 |
               +--------+--------+--------+--------+--------+-----+--------+

Top non-repeatable levels by time:
     D:2: 462 daAuts
     D:1: 380 daAuts
     D:3: 109 daAuts
